Map: Ruins of Seras

Players

Neuro

  • Race: Zerg Zerg

HuK - Winner!

  • Race: Protoss Protoss

Event: LycanGTV LotV Beta Tournament 1

VOD

Have the link to the VOD?

Description

Time

  • Played on: April 2, 2015, 1:06 p.m.
  • Length: 19:20

All games in this series

Show
View Real Time Build Order
Export as new Build Order

Neuro Zerg 

Build Orders: Pool First, Roach Nydus 

Get SALT Encoding   

  12  0:01  Drone  
  13  0:12  Overlord  
  13  0:17  Drone  
  14  0:30  Drone x2  
  14  0:35  Drone  
  17  0:45  Spawning Pool  
  17  0:48  Drone  
  17  0:57  Drone  
  18  1:13  Hatchery  
  18  1:16  Drone  
  18  1:19  Drone  
  19  1:31  Queen  
  21  1:34  Overlord  
  21  1:41  Zergling x2  
  22  1:55  Drone  
  23  2:04  Drone  
  23  2:07  Queen  
  26  2:13  Overlord  
  26  2:22  Overlord  
  26  2:25  Drone  
  27  2:31  Queen, Extractor  
  27  2:34  Drone  
  29  2:37  Drone  
  29  2:41  Drone x4  
  34  2:44  Queen  
  34  2:48  Drone  
  34  2:50  Drone  
  38  3:04  Drone  
  38  3:05  Drone  
  40  3:11  Drone x6  
  46  3:17  Overlord  
  46  3:19  Drone x2  
  48  3:26  Drone x3  
  51  3:31  Lair  
  51  3:35  Extractor x2  
  49  3:43  Extractor  
  49  3:46  Queen  
  49  3:48  Drone x3  
  53  3:50  Drone x3  
  53  3:51  Drone x2  
  53  3:53  Drone  
  58  4:03  Roach Warren  
  57  4:10  Metabolic Boost  
  57  4:14  Overlord x4  
  57  4:38  Nydus Network  
  56  4:40  Hydralisk Den  
  56  4:41  Queen  
  56  4:43  Queen  
  59  4:47  Roach  
  59  4:48  Roach x4  
  69  5:02  Overseer  
  69  5:06  Zergling x24  
  81  5:16  Overseer  
  81  5:24  Muscular Augments  
  81  5:36  Nydus Canal  
  81  5:39  Queen x2  
  85  5:43  Overlord x3  
  85  5:47  Hydralisk x3  
  87  6:09  Hydralisk x4  
  87  6:10  Hydralisk x3  
  86  6:12  Zergling x4  
  86  6:13  Zergling x2  
  66  6:26  Hydralisk x2  
  66  6:32  Hydralisk  
  70  6:33  Hydralisk  
  70  6:37  Nydus Canal  
  74  6:45  Hydralisk  
  74  6:46  Hydralisk  
  74  7:02  Hatchery  
  74  7:07  Queen  
  74  7:08  Queen  
  58  7:15  Spire  
  57  7:25  Zergling x2  
  57  7:26  Zergling x18  
  67  7:34  Hydralisk, Extractor  
  68  7:37  Extractor  
  67  7:45  Queen  
  67  7:47  Queen  
  67  7:48  Spore Crawler  
  67  7:50  Drone x3  
  73  7:55  Overseer  
  73  7:57  Drone  
  73  7:58  Drone  
  75  8:10  Zergling x4  
  77  8:38  Mutalisk x7  
  77  8:39  Mutalisk x2  
  95  8:43  Mutalisk  
  97  8:48  Mutalisk  
  99  8:59  Mutalisk  
  99  9:00  Mutalisk  
  103  9:07  Mutalisk  
  105  9:23  Overlord x2  
  105  9:26  Overseer  
  105  9:28  Hatchery  
  104  9:45  Mutalisk x5  
  114  10:09  Nydus Canal  
  114  10:15  Mutalisk  
  114  10:16  Mutalisk x2  
  114  10:21  Overlord x3  
  97  10:47  Mutalisk x5  
  93  10:55  Drone x3  
  96  11:05  Drone x4  
  96  11:10  Drone x2  
  102  11:13  Drone  
  102  11:14  Drone  
  102  11:16  Hatchery  
  103  11:35  Drone x4  
  103  11:37  Drone x7  
  112  11:42  Infestation Pit  
  112  11:45  Overseer x2  
  111  11:58  Drone x2  
  111  11:59  Drone x2  
  111  12:00  Drone  
  116  12:01  Extractor  
  116  12:02  Extractor  
  114  12:17  Evolution Chamber  
  114  12:20  Hive, Pneumatized Carapace  
  113  12:25  Evolution Chamber  
  112  12:31  Extractor  
  112  12:33  Extractor  
  112  12:35  Drone x13  
  123  12:44  Zerg Melee Weapons Level 1  
  111  13:02  Pathogen Glands  
  101  13:14  Infestor x6  
  101  13:15  Infestor x3  
  119  13:22  Overlord  
  119  13:24  Overlord  
  119  13:40  Adrenal Glands, Ultralisk Cavern  
  106  14:02  Burrow  
  104  14:11  Zerg Ground Armor Level 1  
  104  14:18  Drone x2  
  106  14:31  Chitinous Plating  
  106  14:32  Ultralisk  
  106  14:33  Ultralisk x2  
  106  14:38  Overlord x5  
  124  14:41  Zerg Melee Weapons Level 2  
  124  14:47  Overseer  
  124  15:00  Ultralisk x2  
  124  15:07  Ultralisk  
  142  15:25  Hatchery  
  141  15:29  Ultralisk  
  147  15:43  Ultralisk  
  147  15:47  Hatchery  
  152  15:55  Zergling x2  
  152  15:56  Zergling x2  
  152  16:21  Zergling x8  
  152  16:22  Zergling x16  
  157  16:27  Overlord  
  157  16:28  Overlord x4  
  157  16:31  Overlord  
  157  16:32  Spore Crawler x2  
  155  16:33  Spore Crawler x2, Zerg Flyer Weapons Level 1  
  155  16:34  Spore Crawler, Corruptor x2  
  156  16:43  Corruptor  
  158  16:56  Corruptor x4  
  166  17:06  Corruptor  
  166  17:07  Corruptor x2  
  163  17:43  Zergling x2  
  163  17:44  Zergling x48  
  150  17:59  Corruptor  
  150  18:00  Corruptor x3  
  155  18:09  Corruptor x2  
  146  18:34  Zergling x8  
  146  18:35  Zergling x16  
Show
View Real Time Build Order
Export as new Build Order

HuK Protoss - Winner!

Build Orders: 1 Gate Expand, Double Forge, Double Forge 

Get SALT Encoding   

  12  0:14  Pylon  
  12  0:16  Probe  
  13  0:28  Probe  
  14  0:34  Gateway  
  14  0:40  Probe  
  15  0:52  Probe  
  16  1:04  Probe  
  17  1:12  Nexus  
  17  1:18  Assimilator  
  17  1:20  Probe  
  17  1:25  Assimilator  
  18  1:32  Probe  
  19  1:41  Pylon  
  19  1:44  Probe (Chrono Boost)  
  21  1:54  Probe (Chrono Boost)  
  21  2:01  Probe  
  21  2:04  Cybernetics Core  
  21  2:05  Zealot  
  24  2:13  Probe  
  25  2:25  Probe  
  25  2:27  Forge  
  26  2:31  Pylon  
  26  2:37  Warp Gate (Chrono Boost)  
  26  2:38  Probe  
  26  2:40  Probe  
  26  2:41  Sentry (Chrono Boost)  
  30  2:50  Probe  
  32  3:02  Probe  
  31  3:05  Robotics Facility  
  31  3:07  Probe  
  31  3:10  Sentry (Chrono Boost)  
  34  3:16  Probe (Chrono Boost)  
  36  3:23  Mothership Core (Chrono Boost)  
  38  3:28  Probe (Chrono Boost)  
  38  3:36  Probe (Chrono Boost)  
  38  3:38  Probe (Chrono Boost), Pylon  
  40  3:44  Probe  
  41  3:49  Gateway, Probe  
  41  3:54  Immortal (Chrono Boost)  
  46  4:00  Probe, Pylon  
  47  4:04  Assimilator  
  47  4:09  Assimilator  
  47  4:10  Probe  
  47  4:12  Probe  
  49  4:21  Gateway  
  49  4:22  Probe  
  51  4:25  Probe  
  51  4:29  Immortal (Chrono Boost)  
  55  4:34  Probe  
  55  4:37  Probe  
  57  4:45  Sentry  
  57  4:46  Stalker, Probe  
  63  4:54  Forge  
  63  4:58  Protoss Ground Weapons Level 1 (Chrono Boost)  
  64  5:06  Pylon  
  64  5:11  Pylon  
  64  5:13  Immortal (Chrono Boost)  
  64  5:17  Pylon  
  66  5:22  Stalker  
  66  5:28  Pylon  
  68  5:30  Zealot x2  
  74  5:44  Warp Prism (Chrono Boost)  
  74  5:56  Zealot x2  
  74  5:57  Zealot  
  60  6:18  Zealot  
  60  6:19  Zealot x2  
  60  6:24  Probe x2  
  66  6:36  Probe x2  
  68  6:40  Sentry x3  
  68  6:41  Robotics Bay  
  74  6:48  Probe x2  
  74  6:50  Immortal (Chrono Boost)  
  80  7:00  Probe x2  
  74  7:05  Sentry  
  74  7:06  Sentry x2  
  74  7:19  Protoss Ground Armor Level 1 (Chrono Boost)  
  78  7:36  Twilight Council  
  78  7:40  Disruptor (Chrono Boost)  
  78  7:43  Zealot x3  
  84  7:48  Gateway  
  84  7:50  Gateway  
  84  7:53  Nexus  
  84  7:54  Pylon  
  84  7:59  Gravitic Drive (Chrono Boost)  
  88  8:12  Disruptor  
  88  8:13  Protoss Ground Weapons Level 2 (Chrono Boost)  
  88  8:16  Photon Cannon x2  
  88  8:18  Gateway  
  88  8:19  Gateway, Disruptor  
  88  8:22  Pylon  
  88  8:26  Zealot  
  88  8:27  Zealot  
  92  8:30  Zealot  
  94  8:43  Probe x2  
  96  8:58  Photon Cannon  
  96  9:00  Photon Cannon  
  96  9:01  Pylon  
  96  9:02  Photon Cannon, Blink (Chrono Boost)  
  96  9:21  Photon Cannon  
  96  9:24  Disruptor x2  
  96  9:26  Stalker x2  
  96  9:27  Stalker x2  
  103  9:43  Stalker  
  104  9:46  Stalker  
  104  9:52  Photon Cannon  
  106  9:54  Stargate  
  106  9:56  Stargate  
  106  9:58  Pylon  
  106  10:05  Probe x2  
  99  10:09  Stalker x3  
  103  10:17  Probe x3  
  99  10:22  Zealot x2  
  103  10:29  Probe x3  
  106  10:41  Phoenix x2 (Chrono Boost)  
  106  10:47  Probe  
  101  10:57  Probe  
  102  10:59  Assimilator x2  
  102  11:02  Probe  
  103  11:06  Phoenix (Chrono Boost)  
  103  11:07  Fleet Beacon  
  105  11:16  Phoenix (Chrono Boost)  
  107  11:24  Phoenix (Chrono Boost)  
  107  11:32  Zealot x4, Phoenix (Chrono Boost)  
  115  11:37  Probe x2  
  117  11:41  Phoenix (Chrono Boost)  
  119  11:50  Anion Pulse-Crystals (Chrono Boost)  
  119  11:56  Phoenix (Chrono Boost)  
  121  12:03  Sentry  
  121  12:04  Sentry x4  
  121  12:08  Phoenix (Chrono Boost)  
  125  12:14  Phoenix (Chrono Boost)  
  128  12:19  Mothership Core (Chrono Boost)  
  129  12:27  Zealot  
  133  12:30  Zealot x2  
  137  12:37  Zealot x2  
  137  12:38  Zealot  
  143  12:44  Protoss Air Weapons Level 1 (Chrono Boost)  
  141  13:03  Phoenix  
  143  13:11  Carrier (Chrono Boost)  
  141  13:25  Carrier (Chrono Boost)  
  141  13:35  Pylon x2  
  141  13:36  Pylon x2  
  151  14:04  Nexus  
  151  14:05  Disruptor (Chrono Boost)  
  151  14:06  Assimilator  
  149  14:10  Assimilator  
  149  14:13  Graviton Catapult, Pylon  
  149  14:15  Carrier (Chrono Boost)  
  149  14:28  Carrier (Chrono Boost)  
  161  14:51  Photon Cannon x2  
  161  14:53  Photon Cannon  
  161  14:55  Pylon  
  161  15:02  Zealot x4  
  161  15:06  Protoss Shields Level 1 (Chrono Boost)  
  169  15:07  Carrier (Chrono Boost)  
  175  15:41  Charge (Chrono Boost)  
  175  15:50  Zealot x2  
  175  15:51  Zealot x4  
  175  15:55  Protoss Air Weapons Level 2 (Chrono Boost)  
  187  16:12  Pylon  
  187  16:15  Pylon  
  187  16:27  Nexus  
  187  16:30  Dark Shrine  
  187  16:44  Photon Cannon x2  
  187  17:22  Assimilator  
  187  17:24  Assimilator  
  187  17:30  Zealot x6  
  195  17:39  Colossus  
  173  18:08  Dark Templar x2  
  173  18:09  Dark Templar x3  
  165  18:39  Zealot  
  133  19:02  Zealot x3  
  119  19:03  Zealot x2  
  123  19:16  Templar Archives  

Tags
 
Add a new tag
Caveats
  • Supply blocks, unpowered buildings, or Contaminate may cause inaccurate times.
  • Supply counts are checked every 10 seconds.